 Dungeon Crawl Stone Soup version 0.29.0-5-ge4962eb29e (webtiles) character file.

Game seed: 1891462738312246405

89 voltaire321 the Sneak (level 4, -1/28 HPs)
             Began as an Octopode Hedge Wizard on Aug 28, 2022.
             Slain by Ijyb
             ... wielding a +0 dagger
              (4 damage)
             ... on level 3 of the Dungeon.
             The game lasted 00:04:46 (3235 turns).

voltaire321 the Sneak (Octopode Hedge Wizard)       Turns: 3235, Time: 00:04:47

Health: -1/28      AC:  1    Str:  9    XL:     4   Next: 55%
Magic:  5/8        EV: 13    Int: 18    God:
Gold:   124        SH:  0    Dex: 11    Spells: 4/9 levels left

rFire   . . .      SeeInvis .   a - +0 dagger
rCold   . . .      Faith    .   (no shield)
rNeg    . . .      Spirit   .   b - +0 hat
rPois   .          Reflect  .   (no amulet)
rElec   .          Harm     .   (no ring)
rCorr   .          Rampage  .   (no ring)
Will    .....                   (no ring)
Stlth   +++.......              (no ring)
HPRegen 0.09/turn               (no ring)
MPRegen 0.11/turn               (no ring)
                                (no ring)
                                (no ring)

@: no status effects
A: almost no armour, amphibious, 8 rings, camouflage 1, gelatinous body 1,
(nimble swimmer 1), tentacles
a: no special abilities


You were on level 3 of the Dungeon.
You visited 1 branch of the dungeon, and saw 3 of its levels.

You collected 124 gold pieces.

Inventory:

Hand Weapons
 a - a +0 dagger (weapon)
Missiles
 f - 11 poisoned darts
Armour
 b - a +0 hat (worn)
Scrolls
 d - 3 scrolls of teleportation {unknown}
 e - 2 scrolls of identify {unknown}
 g - 2 scrolls of immolation {unknown}
 h - 2 scrolls of enchant armour {unknown}
 i - a scroll of magic mapping {unknown}
 l - a scroll of enchant weapon {unknown}
 n - a scroll of brand weapon {unknown}
 r - a scroll of summoning {unknown}
 t - a scroll of torment {unknown}
Potions
 c - a potion of magic
 j - a potion of brilliance {unknown}
 k - a potion of flight {unknown}
 m - 2 potions of lignification {unknown}
 o - a potion of might {unknown}
 p - a potion of heal wounds {unknown}
 q - a potion of curing {unknown}
 s - a potion of cancellation {unknown}


   Skills:
 + Level 1.4 Fighting
 + Level 2.4 Dodging
 + Level 3.6 Stealth
 + Level 3.2 Spellcasting
 + Level 1.6 Conjurations
 + Level 1.7 Summonings
 + Level 1.7 Translocations


You had 4 spell levels left.
You knew the following spells:

 Your Spells              Type           Power      Damage    Failure   Level
a - Magic Dart            Conj           32%        1d4       9%          1
b - Call Imp              Summ           9%         N/A       12%         2
c - Blink                 Tloc           18%        N/A       12%         2

Your spell library contained the following spells:

 Spells                   Type           Power      Damage    Failure   Level
 Slow                     Hex            8%         N/A       16%         1
 Poisonous Vapours        Pois/Air       4%         N/A       24%         2
 Conjure Flame            Conj/Fire      5%         6-21      34%         3
 Mephitic Cloud           Conj/Pois/Air  4%         N/A       36%         3
 Corpse Rot               Necr/Pois/Air  2%         N/A       85%         4
 Petrify                  Tmut/Erth      2%         N/A       85%         4
 Metabolic Englaciation   Hex/Ice        1%         N/A       99%         5
 Statue Form              Tmut/Erth      1%         N/A       100%        6


Dungeon Overview and Level Annotations

Branches:
Dungeon (3/15)

Altars:

Annotations:
D:3 Ijyb


Innate Abilities, Weirdness & Mutations

You cannot wear most types of armour.
You are amphibious.
You can wear up to eight rings at the same time.
Your skin changes colour to match your surroundings (Stealth+).
Your rubbery body absorbs attacks. (AC +1, EV +1)
((You are camouflaged when in or above water. (Stealth+)))
You have tentacles for arms and can constrict up to eight enemies at once.


Message History

You constrict the worm. The worm bites you!
You hit the worm.
The worm is severely wounded.
You constrict the worm. You hit the worm but do no damage.
The worm is almost dead.
You constrict the worm.
You kill the worm!
HP restored.
Ijyb the Twisted Goblin comes into view.
She is wielding a +0 dagger, wearing a +4 scale mail of fire resistance and carrying a wand of flame (18).
Casting: Magic Dart (safe; 9% risk of failure)
Confirm with . or Enter, or press ? or * to list all spells.
A beastly little devil appears in a puff of flame.
Casting: Call Imp (safe; 12% risk of failure)
Confirm with . or Enter, or press ? or * to list all spells.
A beastly little devil appears in a puff of frigid air.
Your crimson imp disappears in a puff of smoke!
Ijyb shouts!
Ijyb zaps a wand.
The puff of flame hits you!
You hit Ijyb but do no damage. Your grab misses Ijyb. Your squeeze misses Ijyb.
An endoplasm comes into view.
Ijyb zaps a wand.
The puff of flame hits you!
* * * LOW HITPOINT WARNING * * *
Your white imp gestures at Ijyb.
The puff of frost hits Ijyb!
You barely miss Ijyb.
The endoplasm quivers.
Your grab misses Ijyb.
Ijyb is moderately wounded.
Ijyb hits you with a +0 dagger.
* * * LOW HITPOINT WARNING * * *
You barely miss Ijyb. Your grab misses Ijyb.
Ijyb is moderately wounded.
Ijyb closely misses you.
Your white imp barely misses Ijyb.
You hit Ijyb but do no damage. Your grab misses Ijyb.
You squeeze Ijyb, but do no damage.
Ijyb is moderately wounded.
The endoplasm jiggles.
Ijyb hits you with a +0 dagger.
You die...

.... ... #.. ##.. #
##### #.. ## #. ...#
#.# ... .#..###
#.###.#####..#
...J...##......#....#
#...g@####.#...#######
###..5..##.##.........
#...................
#.###...............
#. ##..#.##.......< ##
#....##<.......
##..###.†...... # #..#
#######.. ##.
###..########...


You could see Ijyb (ally target), an endoplasm and a friendly white imp
(summoned).

Vanquished Creatures
  2 adders
  2 worms (D:3)
  A dart slug (D:1)
  5 ball pythons
  6 bats
  6 endoplasms
  3 giant cockroaches
  6 goblins
  4 hobgoblins
  7 jackals
  4 frilled lizards (D:2)
  A kobold (D:2)
  11 rats
58 creatures vanquished.

Vanquished Creatures (collateral kills)
  An endoplasm (D:2)
  A kobold (D:3)
  A rat (D:1)
3 creatures vanquished.

Grand Total: 61 creatures vanquished

Notes
Turn   | Place    | Note
-------+----------+-------------------------------------------
     0 | D:1      | voltaire321 the Octopode Hedge Wizard began the quest for
                  | the Orb.
     0 | D:1      | Reached XP level 1. HP: 11/11 MP: 4/4
   179 | D:1      | Reached XP level 2. HP: 17/17 MP: 0/6
   182 | D:1      | Learned a level 2 spell: Call Imp
   293 | D:1      | Found a faded altar of an unknown god.
   691 | D:1      | Reached XP level 3. HP: 22/22 MP: 7/7
  1376 | D:2      | Reached skill level 1 in Fighting
  1659 | D:2      | Learned a level 2 spell: Blink
  2295 | D:2      | Reached XP level 4. HP: 27/28 MP: 8/8
  3225 | D:3      | Noticed Ijyb
  3235 | D:3      | Slain by Ijyb

Illustrated notes

Levels and vault maps discovered:
D:1:      dpeg_arrival_radiant, layout_loops_ring,
          shapermc_ecumenical_altar_acropolis
D:2:      minmay_door_path, layout_basic, minmay_tripent
D:3:      layout_rooms, serial_shops, shop, uniq_ijyb

Skill      XL: |  1  2  3 |
---------------+----------+-----
Stealth        | 3 |  3.6
Fighting       | 1 |  1.4
Dodging        | |  2.4
Spellcasting   | |  3.2
Conjurations   | |  1.6
Summonings     | |  1.7
Translocations | |  1.7

Action                   |  1- 3 |  4- 6 || total
-------------------------+-------+-------++-------
Melee: Dagger            |    80 |    42 ||   122
       Tentacles         |    16 |    10 ||    26
       Constrict         |    14 |     9 ||    23
       Punch             |       |     1 ||     1
 Cast: Magic Dart        |    10 |     4 ||    14
       Call Imp          |     2 |     6 ||     8
 Stab: Sleeping          |     9 |     4 ||    13
Armor: Skin              |     5 |     2 ||     7
Dodge: Dodged            |    48 |    25 ||    73
